 Dungeon Crawl Stone Soup version 0.31.0-9-g3a7656b989 (webtiles) character file.

Game seed: 15750062860019195970

44 qw the Shooter (level 3, -7/18 HPs)
             Began as a Spriggan Hunter on Feb 2, 2024.
             Succumbed to a goblin's poison
             ... on level 1 of the Dungeon.
             The game lasted 00:00:02 (785 turns).

qw the Shooter (Spriggan Hunter)                     Turns: 785, Time: 00:00:03

Health: -7/18      AC:  3    Str:  7    XL:     3   Next: 39%
Magic:  4/4        EV: 19    Int: 10    God:
Gold:   66         SH:  0    Dex: 20    Spells: 2/2 levels left

rFire   . . .        a - +0 shortbow
rCold   . . .        (shield currently unavailable)
rNeg    . . .        c - +0 robe
rPois   .            (helmet restricted)
rElec   .            k - +0 cloak
rCorr   .            (gloves unavailable)
SInv    +            (boots unavailable)
Will    .....        (no amulet)
Stlth   ++           (no ring)
HPRegen 0.23/turn    (no ring)
MPRegen 0.09/turn

%: no passive effects
@: lethally poisoned (-7 -> -37), very quick
A: very small, no large weapons, unfitting armour, see invisible, speed 3
a: no special abilities


You were on level 1 of the Dungeon.
You visited 1 branch of the dungeon, and saw 2 of its levels.

You collected 66 gold pieces.


Innate Abilities, Weirdness & Mutations

You are very small and have problems with some larger weapons.
You are too small for most types of armour.
You have supernaturally acute eyesight. (SInv)
You cover ground extremely quickly. (Speed+++)


   Skills:
 - Level 1.5 Fighting
 + Level 4.7 Ranged Weapons
 - Level 4.0 Dodging
 - Level 1.5 Stealth


You had 2 spell levels left.
You didn't know any spells.
Your spell library was empty.

Inventory:

Hand Weapons
 a - a +0 shortbow (weapon)
Armour
 c - a +0 robe (worn)
 k - a +0 cloak (worn)

Dungeon Overview and Level Annotations

Branches:
Dungeon (2/15)

Altars:


Message History

You shoot an arrow. The arrow closely misses the goblin.
You shoot an arrow. The arrow hits the goblin.
The goblin is heavily wounded.
You shoot an arrow.
The arrow hits the goblin but does no damage.
The goblin is heavily wounded.
The goblin closely misses you.
You shoot an arrow. The arrow closely misses the goblin.
The goblin closely misses you.
You shoot an arrow. The arrow hits the goblin!
You kill the goblin!
Things that are here:
a +0 dagger; a goblin corpse
Found a leather armour.
You see here a +0 leather armour.
A goblin comes into view. It is wielding a +2 dagger of venom.
The goblin shouts!
A bat comes into view.
You shoot an arrow. The arrow completely misses the goblin.
You shoot an arrow. The arrow barely misses the goblin.
You shoot an arrow. The arrow barely misses the goblin.
You shoot an arrow. The arrow closely misses the goblin.
The bat closely misses you.
The goblin hits you with a +2 dagger of venom.
You are poisoned.
You shoot an arrow. The arrow hits the goblin.
The goblin is severely wounded.
You feel very sick. The bat hits you but does no damage.
The goblin hits you with a +2 dagger of venom.
You are more poisoned.
You shoot an arrow. The arrow closely misses the goblin.
You feel very sick. The bat completely misses you. The bat closely misses you.
The goblin hits you with a +2 dagger of venom.
You are more poisoned.
The goblin hits you with a +2 dagger of venom.
You are more poisoned.
You shoot an arrow. The arrow closely misses the goblin.
You die...

...#####............#
#.# ....
......#.#######.# #.#
...
###.....[.....#.####.#
. ..
#.....#.....#....).# #
#.....#.############
#.............#
..##.....#.#####.#
...........#
.####b.@####
#...g......
##.#.#####. #. .. ..
.## ##. .# #. .# #. ..


You could see a goblin and a bat.

Vanquished Creatures
  A gnoll (D:1)
  A dart slug (D:1)
  4 endoplasms (D:1)
  2 giant cockroaches
  3 goblins (D:1)
  2 hobgoblins (D:1)
  3 jackals (D:1)
  2 kobolds (D:1)
  2 quokkas
  3 bats
  4 frilled lizards
  4 rats (D:1)
31 creatures vanquished.

Notes
Turn   | Place    | Note
-------+----------+-------------------------------------------
     0 | D:1      | qw the Spriggan Hunter began the quest for the Orb.
     0 | D:1      | Reached XP level 1. HP: 10/10 MP: 2/2
     0 | D:1      | 0 ||| qw: Version: 0.3-a-155-g5e7d8dd
     0 | D:1      | 0 ||| qw: Game counter: 2272
     0 | D:1      | 0 ||| qw: Melee chars always use a shield: true
     0 | D:1      | 0 ||| qw: God list: Okawaru
     0 | D:1      | 0 ||| qw: Allow faded altars: false
     0 | D:1      | 0 ||| qw: Do Orc after clearing Dungeon:15 true
     0 | D:1      | 0 ||| qw: Do second Lair branch before Depths: true
     0 | D:1      | 0 ||| qw: Lair rune preference: random
     0 | D:1      | 0 ||| qw: Goals: Normal
     0 | D:1      | 0 ||| PLANNING D:1-11
    54 | D:1      | Reached skill level 3 in Dodging
   131 | D:1      | Reached XP level 2. HP: 12/14 MP: 3/3
   407 | D:1      | Reached XP level 3. HP: 18/18 MP: 4/4
   421 | D:1      | You fall into a shaft and drop 1 floor!
   532 | D:2      | 532 ||| UPGRADING to +0 cloak.
   537 | D:2      | 537 ||| READING scroll labelled JIOTWOETOON.
   538 | D:2      | 538 ||| READING 3 scrolls labelled QOR UDEMECHE.
   538 | D:2      | 538 ||| IDENTIFYING 2 lumpy inky potions
   539 | D:2      | 539 ||| READING 2 scrolls of identify.
   539 | D:2      | 539 ||| IDENTIFYING scroll labelled ALIGHI DIQU
   540 | D:2      | 540 ||| READING scroll of identify.
   540 | D:2      | 540 ||| IDENTIFYING scroll labelled XOEDWEISUL
   541 | D:2      | 541 ||| READING scroll labelled SEENOO NELAE.
   542 | D:2      | 542 ||| READING scroll labelled BAECZO BAEGI.
   546 | D:2      | 546 ||| DROPPING scroll of butterflies.
   547 | D:2      | 547 ||| DROPPING 2 potions of berserk rage.
   548 | D:2      | 548 ||| DROPPING scroll of amnesia.
   549 | D:2      | 549 ||| DROPPING scroll of vulnerability.
   784 | D:1      | HP: 4/18 [poisoned by a goblin]
   784 | D:1      | HP: 1/18 [goblin/+2 dagger of venom (2)]
   785 | D:1      | Succumbed to a goblin's poison

Levels and vault maps discovered:
D:1:      matt_arrival_spirals, layout_basic
D:2:      layout_rooms, minmay_misc_feat_square, columned_hall_lemuel

Skill      XL: |  1  2 |
---------------+-------+-----
Dodging        | 3 4 |  4.0
Fighting       | |  1.5
Ranged Weapons | |  4.7
Stealth        | |  1.5

Action                     || total
---------------------------++-------
   Fire: Shortbow          ||    92
    Use: Scroll            ||     6
 Armour: Robe              ||     9
  Dodge: Dodged            ||    22

Table legend:
 A = Non-vault XP
 B = Vault XP
 C = Vault XP percentage of total XP
 D = Non-vault monster count
 E = Vault monster count
 F = Vault count percentage of total count
                 A         B        C        D         E       F
            +---------+---------+-------+---------+---------+-------
      Total |      63 |       0 |   0.0 |      31 |       0 |   0.0
            +---------+---------+-------+---------+---------+-------
        D:1 |      57 |       0 |   0.0 |      27 |       0 |   0.0
        D:2 |       6 |       0 |   0.0 |       4 |       0 |   0.0
            +---------+---------+-------+---------+---------+-------
